 Dungeon Crawl Stone Soup version 0.29-a0-233-g1125b37a9b (webtiles) character file.

Game seed: 7703233297338272176

15194 iguanaiguana the Thaumaturge (level 11, -11/87 HPs)
             Began as a Mummy Cinder Acolyte on Mar 1, 2022.
             Was a High Priest of Ignis.
             Mangled by a death yak (19 damage)
             ... on level 3 of the Lair of Beasts on Mar 2, 2022.
             The game lasted 00:58:09 (18216 turns).

iguanaiguana the Thaumaturge (MuCA)                Turns: 18216, Time: 00:58:09

Health: -11/87     AC: 13    Str: 18    XL:     11   Next: 98%
Magic:  4/24       EV: 15    Int: 17    God:    Ignis [*****.]
Gold:   548        SH:  0    Dex:  8    Spells: 26/28 levels left

rFire   . . .      SeeInvis +   k - +6 spear of Eternal War {speed, rC+ SInv}
rCold   + + .      Faith    .   (no shield)
rNeg    + + +      Spirit   .   A - +0 swamp dragon scales
rPois   ∞          Reflect  .   l - +2 helmet
rElec   .          Harm     .   g - +0 cloak
rCorr   .          Rampage  .   r - +0 pair of gloves
Will    +....                   (no boots)
Stlth   +.........              (no amulet)
HPRegen 0.24/turn               h - ring of flight
MPRegen 0.19/turn               x - +4 ring of evasion

@: flying
A: cold resistance 1, negative energy resistance 3, torment resistance 2, heat
vulnerability 1, in touch with death 1, no potions
a: Renounce Religion, Fiery Armour, Foxfire Swarm, Rising Flame


You were on level 3 of the Lair of Beasts.
You worshipped Ignis.
Ignis was extremely pleased with you.
You visited 3 branches of the dungeon, and saw 13 of its levels.

You collected 548 gold pieces.

Inventory:

Hand Weapons
 k - the +6 spear of Eternal War (weapon) {speed, rC+ SInv}
   (You found it on level 2 of the Dungeon)

   Attacks with this weapon are significantly faster.
   rC:        It protects you from cold.
   SInv:      It lets you see invisible.
 t - a +1 trident of venom
 v - a +0 dagger of distortion
 z - a +2 glaive of draining
Missiles
 a - 3 curare-tipped darts (quivered)
 p - 2 throwing nets
 u - 16 poisoned darts
Armour
 b - a +0 robe
 g - a +0 cloak (worn)
 j - a scarf of invisibility
 l - a +2 helmet (worn)
 m - a +0 leather armour
 r - a +0 pair of gloves (worn)
 A - +0 swamp dragon scales (worn)
 D - a +0 tower shield
Jewellery
 d - a ring of protection from cold
 h - a ring of flight (left hand)
 x - a +4 ring of evasion (right hand)
 F - a ring of protection from cold
Wands
 c - a wand of acid (9) {@v1}
 e - a wand of polymorph (4)
 B - a wand of paralysis (5)
 C - a wand of iceblast (4) {@v2}
 E - a wand of digging (5) {@v3}
Scrolls
 i - 3 scrolls of blinking {@r4}
 n - a scroll of immolation {unknown}
 o - 2 scrolls of amnesia {unknown}
 q - 4 scrolls of enchant armour
 s - 3 scrolls of magic mapping {@r5}
 w - a scroll of enchant weapon {unknown}
 y - 2 scrolls of vulnerability
Miscellaneous
 f - a tin of tremorstones (2/2)


   Skills:
 + Level 8.8 Fighting
 - Level 2.4 Maces & Flails
 * Level 8.8 Polearms
 - Level 3.0 Throwing
 + Level 4.0 Armour
 + Level 4.1 Dodging
 + Level 2.2 Stealth
 - Level 9.2 Spellcasting
 - Level 3.0 Necromancy
 - Level 6.0 Fire Magic
 - Level 4.0 Evocations


You had 26 spell levels left.
You knew the following spells:

 Your Spells              Type           Power      Damage    Failure   Level
a - Scorch                Fire           56%        2d7       1%          2

Your spell library contained the following spells:

 Spells                   Type           Power      Damage    Failure   Level
 Ensorcelled Hibernation  Hex/Ice        14%        N/A       24%         2
 Call Canine Familiar     Summ           7%         N/A       43%         3
 Confusing Touch          Hex            7%         N/A       43%         3
 Ozocubu's Armour         Ice            7%         N/A       43%         3
 Portal Projectile        Hex/Tloc       14%        N/A       43%         3
 Anguish                  Hex/Necr       9%         N/A       63%         4
 Excruciating Wounds      Necr           13%        N/A       77%         5
 Fireball                 Conj/Fire      9%         3d6       78%         5
 Leda's Liquefaction      Hex/Erth       3%         N/A       85%         4
 Yara's Violent Unravell  Hex/Tmut       3%         3d4       99%         5
 Starburst                Conj/Fire      9%         6d5       100%        6
 Enfeeble                 Hex            3%         N/A       100%        7
 Ozocubu's Refrigeration  Ice            3%         4d5       100%        7
 Ignition                 Fire           14%        3d6       100%        8
 Spider Form              Tmut/Pois      Unusable   N/A       N/A         3
 Blade Hands              Tmut           Unusable   N/A       N/A         5

Dungeon Overview and Level Annotations

Branches:
Dungeon (9/15)             Temple (1/1) D:4            Lair (3/6) D:9
 Shoals (0/4) Lair:2
  Snake: Lair:2-4    Spider: Lair:2-4       Orc: D:9-12

Altars:
Ashenzari
Elyvilon
Fedhas
Gozag
Hepliaklqana
Kikubaaqudgha
Makhleb
Nemelex Xobeh
Okawaru
Qazlal
Sif Muna
Trog
Uskayaw
Vehumet
Xom
Yredelemnul
Zin
The Shining One

Shops:
D:5 *   D:6 =

Annotations:
D:4 2 runed translucent doors, dr0g0th's ghost, amateur GrFi
D:8 exclusion: door
Lair:1 exclusion: oklob plant
Lair:2 exclusion: oklob plant
Lair:3 1 runed translucent door


Innate Abilities, Weirdness & Mutations

You are immune to poison.
Your flesh is cold resistant. (rC+)
You are immune to negative energy. (rN+++)
You are immune to unholy pain and torment.
You are vulnerable to heat. (rF-)
You are in touch with the powers of death.
You do not drink.


Message History

Casting: Scorch (safe; 1% risk of failure)
Confirm with . or Enter, or press ? or * to list all spells.
Flames lash the death yak.
The death yak is burned terribly!
The death yak is heavily wounded.
The death yak is no longer moving slowly.
Casting: Scorch (safe; 1% risk of failure)
Confirm with . or Enter, or press ? or * to list all spells.
Flames lash the death yak but do no damage.
The death yak looks more healthy.
The death yak gores you!!
Casting: Scorch (safe; 1% risk of failure)
Confirm with . or Enter, or press ? or * to list all spells.
Flames lash the death yak.
The death yak is burned terribly!
The death yak is severely wounded.
The death yak gores you!
* * * LOW HITPOINT WARNING * * *
Casting: Scorch (safe; 1% risk of failure)
Confirm with . or Enter, or press ? or * to list all spells.
Flames lash the death yak.
The death yak is severely wounded.
The death yak gores you but does no damage.
Casting: Scorch (safe; 1% risk of failure)
Confirm with . or Enter, or press ? or * to list all spells.
Flames lash the death yak.
The death yak is burned terribly!
The death yak is almost dead.
The death yak gores you!!
* * * LOW HITPOINT WARNING * * *
Casting: Scorch (safe; 1% risk of failure)
Confirm with . or Enter, or press ? or * to list all spells.
Flames lash the death yak.
The death yak is burned terribly!
The death yak is almost dead.
The death yak barely misses you.
Your magical contamination has completely faded away.
Casting: Scorch (safe; 1% risk of failure)
Confirm with . or Enter, or press ? or * to list all spells.
Flames lash the death yak.
The death yak is almost dead.
The death yak gores you!
* * * LOW HITPOINT WARNING * * *
The death yak gores you!!
You die...

### ### ### ## ####.######
#####.###.# .###
#.#P.#....######.#.##...####.#.##
.................................
...............................#
#..P##.#####P...@Y............##
#.## ### #......P.#.###(...P# P.#
########P....#P.#####....##..
..###.....###......... #.......+
#.P##.....##.....#......#.....#..
#.P##.P..###.....##..........#.##
#..##.)#.# ##....#.....##....###
..###.#..####....#...##.#...Y#
..................... ......


You could see a death yak (combustible).

Vanquished Creatures
  3 hydras
  Nergalle (Lair:2)
  2 black mambas
  Maggie (D:8)
  5 cane toads (Lair:1)
  4 komodo dragons
  4 blink frogs
  A wyvern (D:4)
  15 yaks
  A wraith (D:9)
  A steam dragon (D:7)
  21 water moccasins
  4 orc warriors
  3 ice beasts
  2 ogres
  3 centaurs
  A kobold brigand (D:9)
  A phantom (D:6)
  11 bullfrogs
  2 gnoll sergeants
  3 scorpions
  7 wights
  5 killer bees
  3 howler monkeys (D:7)
  A gnoll shaman (D:8)
  A jelly (D:7)
  6 hounds
  4 orc priests
  An iguana (D:5)
  3 orc wizards
  Robin (D:3)
  31 gnolls
  21 adders
  A shadow imp (D:6)
  A white imp (D:7)
  An ufetubus (D:5)
  2 worms
  3 dart slugs
  23 orcs
  6 endoplasms
  4 giant cockroaches
  17 goblins
  5 hobgoblins
  9 kobolds
  A quokka (D:4)
  7 ball pythons
  5 bats
  3 frilled lizards
  3 rats
  A butterfly (Lair:2)
265 creatures vanquished.

Vanquished Creatures (collateral kills)
  2 foxfires (D:4)
2 creatures vanquished.

Vanquished Creatures (others)
  26 foxfires
  5 fungi
  20 plants
  15 toadstools (Lair:3)
66 creatures vanquished.

Grand Total: 333 creatures vanquished

Notes
Turn   | Place    | Note
-------+----------+-------------------------------------------
     0 | D:1      | iguanaiguana the Mummy Cinder Acolyte began the quest for
                  | the Orb.
     0 | D:1      | Reached XP level 1. HP: 18/18 MP: 2/2
   528 | D:1      | Reached XP level 2. HP: 23/24 MP: 4/4
   532 | D:1      | Learned a level 2 spell: Scorch
   710 | D:1      | Found a faded altar of an unknown god.
   851 | D:1      | Reached skill level 2 in Spellcasting
  1881 | D:2      | Gained mutation: You are in touch with the powers of death.
                  | [Mummy growth]
  1881 | D:2      | Reached XP level 3. HP: 29/29 MP: 3/6
  2613 | D:2      | Identified the +6 spear of Eternal War {speed, rC+ SInv}
  2820 | D:3      | Noticed Robin
  3055 | D:3      | Killed Robin
  3095 | D:3      | Reached XP level 4. HP: 35/35 MP: 2/7
  3263 | D:3      | Found a basalt altar of Yredelemnul.
  3850 | D:4      | Reached skill level 1 in Polearms
  3925 | D:4      | Reached skill level 3 in Spellcasting
  3925 | D:4      | Reached XP level 5. HP: 42/42 MP: 9/9
  3961 | D:4      | Found a staircase to the Ecumenical Temple.
  4000 | Temple   | Entered the Ecumenical Temple
  4555 | D:4      | Noticed a wyvern
  4562 | D:4      | Killed a wyvern
  4563 | D:4      | Reached XP level 6. HP: 23/48 MP: 3/11
  4779 | D:4      | Found a shimmering altar of Xom.
  4863 | D:4      | Found a runed translucent door.
  4886 | D:4      | Found a runed translucent door.
  4887 | D:4      | Noticed dr0g0th's ghost (amateur GrFi)
  5118 | D:5      | Entered Level 5 of the Dungeon
  5629 | D:5      | Noticed a water moccasin
  5634 | D:5      | Killed a water moccasin
  5635 | D:5      | Reached skill level 4 in Spellcasting
  5635 | D:5      | Reached XP level 7. HP: 49/55 MP: 5/13
  5795 | D:5      | Reached skill level 5 in Fire Magic
  6116 | D:5      | Found Agocwiyz's General Store.
  6234 | D:5      | Found a blossoming altar of Fedhas.
  6583 | D:5      | Reached skill level 5 in Fighting
  6676 | D:6      | Reached skill level 5 in Spellcasting
  6676 | D:6      | Reached XP level 8. HP: 62/62 MP: 8/15
  6986 | D:6      | Found Zieg's Jewellery Shop.
  7484 | D:6      | Reached skill level 6 in Spellcasting
  8335 | D:6      | Reached XP level 9. HP: 62/69 MP: 11/18
  8426 | D:7      | Reached skill level 5 in Polearms
  8779 | D:7      | Reached skill level 7 in Spellcasting
 10188 | D:8      | Noticed Maggie
 10202 | D:8      | Killed Maggie
 10571 | D:8      | Found a broken altar of Ashenzari.
 11398 | D:9      | Found a staircase to the Lair.
 11416 | D:9      | Noticed an eight-headed hydra
 11447 | D:8      | Reached skill level 1 in Dodging
 11447 | D:8      | Reached XP level 10. HP: 35/79 MP: 3/21
 11752 | D:8      | Reached skill level 1 in Armour
 11752 | D:8      | Reached skill level 1 in Necromancy
 11921 | D:9      | Killed an eight-headed hydra
 11922 | D:9      | Reached skill level 8 in Spellcasting
 12066 | Lair:1   | Entered Level 1 of the Lair of Beasts
 12067 | Lair:1   | Found a basalt altar of Yredelemnul.
 12753 | Lair:1   | Noticed a cane toad
 12768 | Lair:1   | Killed a cane toad
 12947 | Lair:1   | Noticed a cane toad
 12956 | Lair:1   | Killed a cane toad
 13397 | Lair:1   | Reached XP level 11. HP: 86/86 MP: 6/23
 13520 | Lair:1   | You fall into a shaft and drop 1 floor!
 13542 | Lair:2   | Reached skill level 9 in Spellcasting
 13553 | Lair:2   | Noticed Nergalle
 13772 | Lair:1   | Noticed a seven-headed hydra
 13943 | Lair:1   | Found a blossoming altar of Fedhas.
 13946 | Lair:1   | Noticed an oklob plant
 14210 | Lair:1   | Killed a seven-headed hydra
 14757 | Lair:1   | Reached skill level 1 in Evocations
 15269 | Lair:2   | Noticed a spectral orc warlord
 15331 | Lair:2   | Noticed a seven-headed hydra
 15787 | Lair:1   | Killed a seven-headed hydra
 15908 | Lair:2   | Found a staircase to the Shoals.
 16232 | Lair:1   | Reached skill level 1 in Stealth
 16587 | Lair:2   | Killed Nergalle
 16943 | Lair:2   | Noticed an oklob plant
 17719 | Lair:3   | Noticed a dire elephant
 17719 | Lair:3   | Noticed a dire elephant
 17742 | Lair:3   | Found a runed translucent door.
 18188 | Lair:3   | Noticed a death yak
 18216 | Lair:3   | Mangled by a death yak

Illustrated notes

Levels and vault maps discovered:
D:1:      dpeg_arrival_arbitrary_a, layout_loops_corners,
          ebering_ecumenical_altar_mist
D:2:      layout_basic, supply_closet_lemuel
D:3:      layout_basic, lemuel_doored_altar, kennysheep_generic_room_11,
          uniq_robin
D:4:      layout_basic, mainiacjoe_overflow_boulevard,
          minmay_temple_entry_gardened_gates, ebering_ghost_sewer_f
D:5:      layout_loops_ring, fedhas_altar_fruit_tree, serial_shops,
          nicolae_take_the_stairs
D:6:      layout_gridville, serial_shops, shop_fountains, st_stairs_9
D:7:      layout_loops_ring, nicolae_elyvilon_temple_path
D:8:      layout_basic, nicolae_ashenzari_panopticon, zin_statuary, uniq_maggie
D:9:      layout_long_grid, dpeg_oklobed_lair, serial_park_tiny_pond,
          minmay_misc_feat_square
Temple:   minmay_temple_forest_path
Lair:1:   lemuel_reptile_caves, layout_misc_corridors, basic_altar, st_stairs_5,
          hangedman_tree_tricks
Lair:2:   layout_regular_city, elwin_shoals_entry_rocks,
          minmay_lair_oklob_items, lemuel_fruit_fields, uniq_nergalle
Lair:3:   gammafunk_lair_enchanted_lake, layout_regular_city,
          guppyfry_snake_entry_garden

Skill      XL: |  1  2  3  4  5  6  7  8  9 10 11 |
---------------+----------------------------------+-----
Spellcasting   | 2 3 4 5 6 7 8 9 |  9.2
Fire Magic     | 3 4 5 6 |  6.0
Polearms       | 1 2 3 4 6 7 8 |  8.8
Fighting       | 4 5 6 7 8 |  8.8
Throwing       | 3 |  3.0
Dodging        | 1 2 4 |  4.1
Armour         | 2 4 |  4.0
Necromancy     | 3 |  3.0
Evocations     | 4 |  4.0
Stealth        | 2 |  2.2
Maces & Flails | |  2.4

Action                   |  1- 3 |  4- 6 |  7- 9 | 10-12 || total
-------------------------+-------+-------+-------+-------++-------
Melee: Mace              |    21 |       |       |       ||    21
       Spear             |    17 |    73 |   112 |   212 ||   414
       Punch             |       |       |     1 |     3 ||     4
Throw: Dart              |       |       |     4 |     1 ||     5
       Throwing net      |       |       |     1 |       ||     1
 Cast: Scorch            |    29 |    18 |   200 |   243 ||   490
Invok: Foxfire Swarm     |       |     1 |       |     1 ||     2
Evoke: Wand              |       |       |       |     4 ||     4
  Use: Scroll            |       |     4 |     2 |     7 ||    13
Armor: Robe              |     8 |     8 |       |       ||    16
       Leather armour    |       |    11 |    41 |       ||    52
       Swamp dragon scal |       |       |    26 |   102 ||   128
Dodge: Dodged            |    13 |    22 |   110 |   217 ||   362

Table legend: (Time is in decaauts)
 A = Elapsed time spent in this place.
 B = Non-inter-level travel time spent in this place.
 C = Inter-level travel time spent in this place.
 D = Time resting spent in this place.
 E = Time spent auto-exploring this place.
 F = Levels seen in this place.
 G = Mean time per level.
                   A        B        C        D        E       F      G
               +--------+--------+--------+--------+--------+-----+--------+
         Total |  18084 |  16470 |   1614 |   3638 |  10594 |  13 | 1391.1 |
       Dungeon |  12268 |  11010 |   1258 |   1745 |   7684 |   9 | 1363.1 |
        Temple |    337 |    313 |     24 |      0 |    300 |   1 |  337.0 |
          Lair |   5478 |   5146 |    332 |   1893 |   2610 |   3 | 1826.0 |
               +--------+--------+--------+--------+--------+-----+--------+

Top non-repeatable levels by time:
  Lair:1: 3279 daAuts
     D:5: 1695 daAuts
     D:6: 1638 daAuts
     D:1: 1522 daAuts
     D:8: 1443 daAuts
     D:2: 1437 daAuts
  Lair:2: 1421 daAuts
     D:7: 1396 daAuts
     D:9: 1193 daAuts
     D:4: 1078 daAuts
     D:3: 862 daAuts
  Lair:3: 777 daAuts
  Temple: 337 daAuts
